 Dungeon Crawl Stone Soup version 0.22.1-1-ga44c0e56f4 (webtiles) character file.

112310 KleinerIrrer the Black Belt (level 16, -5/93 HPs)
             Began as an Octopode Fighter on Oct 27, 2018.
             Was a High Priest of Okawaru.
             Slain by a spriggan rider
             ... wielding a cursed -2 spear
              (29 damage)
             ... on level 2 of the Swamp on Oct 28, 2018.
             The game lasted 01:54:54 (34313 turns).

KleinerIrrer the Black Belt (Octopode Fighter)     Turns: 34313, Time: 01:54:54

Health: -5/93      AC:  3    Str: 22    XL:     16   Next: 60%
Magic:  23/23      EV: 24    Int: 17    God:    Okawaru [*****.]
Gold:   132        SH: 16    Dex: 21    Spells: 13/15 levels left

rFire    . . .     SeeInvis +     - Unarmed
rCold    . . .     Gourm    .   a - +0 shield
rNeg     + + .     Faith    .   M - +2 hat {MR+}
rPois    +         Spirit   .   K - +2 amulet of reflection
rElec    +         Reflect  +   i - ring of see invisible
rCorr    .         Harm     .   b - ring of positive energy
MR       ++++.                  F - ring of Yvag {rElec MR+ Int+7 Dex-4 Slay+3}
Stlth    +++.......             J - ring "Diunut" {rPois Str+5 Slay+2}
HPRegen  0.25/turn              T - ring "Uxte" {rN+ Dex+8}
MPRegen  0.18/turn              P - ring of poison resistance
                                n - ring of protection from magic
                                (no ring)

@: no status effects
A: almost no armour, stealthy swim, amphibious, 8 rings, constrict 8, camouflage
1, gelatinous body 1
a: Heroism, Finesse, Renounce Religion


You were on level 2 of the Swamp.
You worshipped Okawaru.
Okawaru was extremely pleased with you.
You were very hungry.

You visited 6 branches of the dungeon, and saw 26 of its levels.
You also visited: Labyrinth and Ossuary.

You collected 2065 gold pieces.
You spent 1933 gold pieces at shops.

Inventory:

Missiles
 r - 33 javelins (quivered)
Armour
 a - a +0 shield (worn)
 s - the +4 large shield "Aduten" {-Cast rPois Int+8}
   (You found it on level 4 of the Lair of Beasts)

   It affects your intelligence (+8).
   It protects you from poison.
   It prevents spellcasting.
 M - a +2 hat of magic resistance (worn)
Jewellery
 b - a ring of positive energy (right tentacle)
 i - a ring of see invisible (left tentacle)
 n - a ring of protection from magic (on tentacle)
 F - the ring of Yvag (on tentacle) {rElec MR+ Int+7 Dex-4 Slay+3}
   (You acquired it on level 5 of the Lair of Beasts)

   [ring of protection from magic]

   It affects your intelligence (+7).
   It affects your dexterity (-4).
   It affects your accuracy and damage with ranged weapons and melee attacks
   (+3).
   It insulates you from electricity.
   It affects your resistance to hostile enchantments.
 J - the ring "Diunut" (on tentacle) {rPois Str+5 Slay+2}
   (You acquired it on level 5 of the Lair of Beasts)

   [ring of slaying]

   It affects your strength (+5).
   It affects your accuracy and damage with ranged weapons and melee attacks
   (+2).
   It protects you from poison.
 K - a +2 amulet of reflection (around mantle)
 O - the ring "Oxkash" {*Tele rN+ Dex+3 Stlth-}
   (You found it on level 1 of the Swamp)

   [ring of teleportation]

   It may teleport you next to monsters.
   It affects your dexterity (+3).
   It protects you from negative energy.
   It makes you less stealthy.
 P - a ring of poison resistance (on tentacle)
 T - the ring "Uxte" (on tentacle) {rN+ Dex+8}
   (You bought it in a shop on level 2 of the Orcish Mines)

   [ring of positive energy]

   It affects your dexterity (+8).
   It protects you from negative energy.
 U - an uncursed ring of fire
 V - the ring of Qazlal's Approval {*Tele MR++ Dex+4, unknown}
   (You found it on level 1 of the Swamp)

   [ring of teleportation]

   It may teleport you next to monsters.
   It affects your dexterity (+4).
   It affects your resistance to hostile enchantments.
Wands
 j - a wand of acid (9)
 u - a wand of digging (14)
 y - a wand of enslavement (20)
 z - a wand of paralysis (29)
 C - a wand of flame (54)
 D - a wand of polymorph (19)
 H - a wand of random effects (19)
 L - a wand of clouds (6)
 N - a wand of scattershot (5)
Scrolls
 d - 2 scrolls of identify
 k - a scroll of immolation
 t - 5 scrolls of magic mapping
 x - 3 scrolls of enchant armour
 B - a scroll of teleportation
 G - 2 scrolls of enchant weapon
 I - 3 scrolls of amnesia
 Q - 4 scrolls of remove curse
 R - a scroll of vulnerability
Potions
 e - 3 potions of curing
 g - 2 potions of cancellation
 h - a potion of mutation
 l - 4 potions of brilliance
 m - 3 potions of resistance
 p - a potion of magic
 q - 4 potions of lignification
 v - 3 potions of flight
 A - 3 potions of agility
 E - 2 potions of ambrosia
Miscellaneous
 S - a fan of gales
 W - a lightning rod (1/4)
Comestibles
 c - 27 rations


   Skills:
 - Level 3.0 Fighting
 + Level 12.2 Dodging
 + Level 14.1 Shields
 + Level 18.7 Unarmed Combat
 - Level 10.0 Invocations
 * Level 7.9 Evocations


You had 13 spell levels left.
You knew the following spells:

 Your Spells              Type           Power        Failure   Level  Hunger
a - Blink                 Tloc           N/A          36%         2    ###....

Your spell library contained the following spells:

 Spells                   Type           Power        Failure   Level  Hunger
 Animate Skeleton         Necr           N/A          26%         1    ##.....
 Beastly Appendage        Tmut           #.....       26%         1    ##.....
 Confusing Touch          Hex            #.....       26%         1    ##.....
 Pain                     Necr           #...         26%         1    ##.....
 Shock                    Conj/Air       #...         26%         1    ##.....
 Sting                    Conj/Pois      #...         26%         1    ##.....
 Poisonous Vapours        Pois/Air       #.....       36%         2    ###....
 Shroud of Golubria       Chrm/Tloc      #.........   36%         2    ###....
 Sticks to Snakes         Tmut           #.......     36%         2    ###....
 Confuse                  Hex            #.......     61%         3    ####...
 Conjure Flame            Conj/Fire      #.......     61%         3    ####...
 Gell's Gravitas          Tloc           #.........   61%         3    ####...
 Ignite Poison            Fire/Tmut/Pois #.......     61%         3    ####...
 Lesser Beckoning         Tloc           #.........   61%         3    ####...
 Mephitic Cloud           Conj/Pois/Air  #.......     61%         3    ####...
 Regeneration             Chrm/Necr      #.........   61%         3    ####...
 Spider Form              Tmut/Pois      #.........   61%         3    ####...
 Static Discharge         Conj/Air       #.......     61%         3    ####...
 Teleport Other           Tloc           #.......     61%         3    ####...
 Tukima's Dance           Hex            #.......     61%         3    ####...
 Vampiric Draining        Necr           #.........   61%         3    ####...
 Animate Dead             Necr           N/A          95%         4    #####..
 Ice Form                 Ice/Tmut       #.......     95%         4    #####..
 Olgreb's Toxic Radiance  Pois           #.......     95%         4    #####..
 Passage of Golubria      Tloc           N/A          95%         4    #####..
 Petrify                  Tmut/Erth      #.......     95%         4    #####..
 Summon Ice Beast         Ice/Summ       #.......     95%         4    #####..
 Blade Hands              Tmut           #.........   100%        5    ######.
 Metabolic Englaciation   Hex/Ice        #.........   100%        5    ######.
 Yara's Violent Unravell  Hex/Tmut       #.........   100%        5    ######.
 Conjure Ball Lightning   Conj/Air       #.........   100%        6    #######
 Deflect Missiles         Chrm/Air       #.........   100%        6    #######
 Freezing Cloud           Conj/Ice/Air   #.........   100%        6    #######
 Ring of Flames           Chrm/Fire      #.........   100%        7    #######


Dungeon Overview and Level Annotations

Branches:
Dungeon (14/15)            Temple (1/1) D:5            Lair (6/6) D:10
  Swamp (2/4) Lair:3        Snake (1/4) Lair:4        Slime (0/5) Lair:6
    Orc (2/2) D:10            Elf (0/3) Orc:2        Vaults (0/5) D:14

Altars:
Ashenzari
Cheibriados
Dithmenos
Elyvilon
Fedhas
Kikubaaqudgha
Makhleb
Nemelex Xobeh
Okawaru
Sif Muna
Vehumet
Xom
Yredelemnul
Zin
Beogh

Shops:
D:7 !   D:8 [   D:11 }   D:12 (   Orc:1 }(   Orc:2 =[((*

Portals:
Trove: D:14 (give 2 scrolls of acquirement)


Innate Abilities, Weirdness & Mutations

You cannot wear most types of armour.
You are very stealthy in the water. (Stealth+)
You are amphibious.
You can wear up to eight rings at the same time.
You can use your tentacles to constrict eight enemies at once.
Your skin changes colour to match your surroundings (Stealth+).
Your rubbery body absorbs attacks. (AC +1, EV +1)


Message History

The swamp worm bites you.
* * * LOW HITPOINT WARNING * * *
The hornet closely misses you.
The spriggan rider completely misses you.
You block the hornet's attack.
Evoke which item? (* to show all) (? for menu, Esc to quit)
Aiming: Iceblast
Press: ? - help, Shift-Dir - straight line, f - spriggan rider
Aim: a spriggan rider, wielding an enchanted spear (moderately wounded)
The mass of ice explodes!
The iceblast engulfs the spriggan rider.
The spriggan rider is heavily wounded.
The iceblast engulfs the hornet.
The hornet is almost dead.
The now-empty wand crumbles to dust.
You hear a shout!
The swamp worm completely misses you. You block the hornet's attack. x2
A spriggan rider comes into view. It is wielding a spear.
The spriggan rider hits you from afar with an enchanted spear!!
You die...

≈≈.♣ ..♣ ♣♣.
≈§♣♣♣♣≈♣♣ ♣..
≈...♣≈.§♣≈ ♣..
♣......i.!
♣♣.≈♣♣≈.≈≈≈≈§≈.
♣.≈≈.≈≈.≈≈≈≈≈.♣
♣.≈≈>♣..≈≈≈≈.♣
♣≈≈≈^yy<≈≈≈≈.♣
♣♣♣♣≈@†i.≈≈.<♣
♣≈.w..≈..≈♣.≈♣
♣.♣..♣.≈≈..♣ ≈.
♣≈.≈..♣.≈≈≈.≈.
♣.t.≈.♣≈≈..≈≈≈≈
....≈≈♣♣≈≈$.≈≈≈≈≈
..≈♣.♣ ♣♣....≈..≈
...♣♣ ♣♣♣..≈


You could see an alligator, 2 spriggan riders, a swamp worm and 2 hornets.

Vanquished Creatures
  A thorn hunter (Swamp:1)
  Kirke (D:13)
  An orc warlord (Orc:2)
  Nessos (Lair:6)
  Azrael (D:13)
  A minotaur (Lab)
  Josephine (Swamp:1)
  4 vault guards (D:14)
  13 hydras
  A ghost crab (Swamp:1)
  2 catoblepae
  7 alligators (Swamp:1)
  2 centaur warriors
  A two-headed ogre (D:14)
  7 death yaks
  A deep troll shaman (Lair:6)
  Urug (Lair:1)
  5 tengu warriors
  3 orc high priests (Orc:2)
  Sonja (D:13)
  Nergalle (Lair:1)
  A fire crab (Lair:5)
  9 skeletal warriors
  2 unseen horrors
  A swamp dragon (Swamp:1)
  The ghost of VendettaCH the Basher, a novice GrFi of Okawaru (D:8)
  Pikel (D:8)
  4 orc knights (Orc:2)
  2 lindwurms
  2 shambling mangroves
  5 orc sorcerers (Orc:2)
  A mana viper (shapeshifter) (D:14)
  2 cyclopes
  12 ugly things
  14 elephants
  5 black mambas
  Psyche (D:8)
  18 spiny frogs
  3 rime drakes
  8 komodo dragons
  An efreet (D:13)
  2 kobold demonologists
  A tengu conjurer (D:14)
  3 meliai (D:13)
  7 trolls
  6 hornets
  2 polar bears
  5 bog bodies
  12 hippogriffs
  16 blink frogs
  A slime creature (Swamp:1)
  A centaur simulacrum (D:14)
  6 wraiths
  A spriggan (Swamp:1)
  2 wyverns
  24 yaks
  6 shadows
  A vampire (D:9)
  5 fire elementals (D:13)
  4 basilisks
  A water elemental (D:14)
  2 hogs (D:13)
  5 hungry ghosts
  15 vampire mosquitoes
  7 swamp worms
  4 insubstantial wisps (Swamp:1)
  An acid dragon (D:14)
  14 water moccasins
  3 hell hounds
  An acid dragon (shapeshifter) (D:14)
  8 porcupines
  25 orc warriors
  4 slaves (D:8)
  3 black bears
  2 ice beasts (D:8)
  3 sky beasts
  A hornet zombie (D:11)
  11 ogres
  2 necrophages (D:12)
  A phantom (D:7)
  13 wolves
  17 crocodiles
  6 centaurs
  A big kobold (D:7)
  2 elf zombies (D:12)
  A wyvern zombie (D:13)
  14 bullfrogs
  A gnoll sergeant (D:9)
  7 water moccasin zombies (Ossuary)
  7 scorpions
  A troll zombie (D:12)
  4 killer bees (D:11)
  14 wights
  6 howler monkeys
  7 electric eels
  9 crimson imps
  A bullfrog zombie (D:13)
  7 centaur zombies
  A quasit (D:7)
  5 bullfrog skeletons
  3 centaur skeletons
  Crazy Yiuf (D:7)
  2 human zombies (D:12)
  15 orc priests
  12 hounds
  7 jellies
  27 orc wizards
  An iguana (D:10)
  9 worker ants
  A killer bee zombie (D:6)
  4 big kobold zombies (Ossuary)
  An ogre zombie (D:12)
  2 mummies (Ossuary)
  A worker ant zombie (D:8)
  13 adders
  15 gnolls
  4 adder zombies (Ossuary)
  2 adder skeletons
  4 worms
  6 dart slugs
  6 leopard geckos
  67 orcs
  9 ball pythons
  13 bats
  3 giant cockroaches
  9 goblins
  11 hobgoblins
  4 jackals (D:2)
  11 kobolds
  6 quokkas
  A ball python skeleton (D:4)
  7 frilled lizards
  A gnoll zombie (Ossuary)
  6 hobgoblin zombies (Ossuary)
  8 kobold zombies (Ossuary)
  A leopard gecko zombie (D:5)
  4 orc zombies (Ossuary)
  A quokka skeleton (D:8)
  10 rats
799 creatures vanquished.

Vanquished Creatures (others)
  A sky beast (D:13)
  An orc warrior (Orc:2)
  2 centaurs (D:13)
  2 orcs
  A quokka (D:3)
  2 bushes
  21 fungi
  20 plants
  11 toadstools (Lair:2)
61 creatures vanquished.

Grand Total: 860 creatures vanquished

Notes
Turn   | Place    | Note
-------+----------+-------------------------------------------
     0 | D:1      | KleinerIrrer the Octopode Fighter began the quest for the
                  | Orb.
     0 | D:1      | Reached XP level 1. HP: 16/16 MP: 1/1
   101 | D:1      | Reached XP level 2. HP: 21/21 MP: 2/2
   172 | D:1      | Reached skill level 3 in Unarmed Combat
   225 | D:1      | Reached XP level 3. HP: 26/26 MP: 3/3
   778 | D:2      | Reached skill level 4 in Unarmed Combat
   802 | D:2      | Reached XP level 4. HP: 14/31 MP: 4/4
  2006 | D:3      | Reached skill level 5 in Unarmed Combat
  2017 | D:3      | Reached XP level 5. HP: 36/36 MP: 5/5
  2487 | D:3      | Found a white marble altar of Elyvilon.
  2671 | D:3      | Reached skill level 6 in Unarmed Combat
  2671 | D:3      | Reached XP level 6. HP: 42/42 MP: 6/6
  3580 | D:4      | Reached skill level 7 in Unarmed Combat
  3843 | D:4      | Reached XP level 7. HP: 42/46 MP: 7/7
  4363 | D:5      | Entered Level 5 of the Dungeon
  4377 | D:5      | Found a sand-covered staircase.
  4408 | Ossuary  | Entered an ossuary
  4542 | Ossuary  | Reached XP level 8. HP: 50/52 MP: 8/8
  4570 | Ossuary  | Reached skill level 5 in Dodging
  4570 | Ossuary  | Reached skill level 5 in Shields
  4954 | D:5      | Found a staircase to the Ecumenical Temple.
  5000 | Temple   | Entered the Ecumenical Temple
  5016 | Temple   | Became a worshipper of Warmaster Okawaru
  5072 | D:5      | Found a shattered altar of Ashenzari.
  5458 | D:6      | Reached XP level 9. HP: 56/56 MP: 9/9
  5835 | D:6      | You fall through a shaft for 2 floors!
  5836 | D:8      | Noticed Pikel
  5857 | D:8      | Reached * piety under Okawaru
  5917 | D:8      | Killed Pikel
  5917 | D:8      | Reached skill level 1 in Invocations
  6023 | D:8      | Noticed Psyche
  6034 | D:8      | Killed Psyche
  6034 | D:8      | Reached skill level 8 in Unarmed Combat
  6088 | D:8      | Found Qovuhost's Antique Armour Emporium.
  6144 | D:8      | Found a runed gate.
  6144 | D:8      | Found a runed gate.
  6145 | D:8      | Found a runed gate.
  6157 | D:8      | Noticed VendettaCH's ghost (novice GrFi)
  6531 | D:7      | Found a sparkling altar of Nemelex Xobeh.
  6628 | D:7      | Reached XP level 10. HP: 52/63 MP: 12/12
  6919 | D:7      | Found Davim's Distillery.
  6927 | D:7      | Bought a potion of ambrosia for 112 gold pieces
  6985 | D:7      | Reached ** piety under Okawaru
  7034 | D:7      | Reached skill level 9 in Unarmed Combat
  7301 | D:7      | Found a runed door.
  7306 | D:7      | Noticed Crazy Yiuf
  7308 | D:7      | Killed Crazy Yiuf
  8443 | D:9      | Reached *** piety under Okawaru
  8443 | D:9      | Reached skill level 10 in Unarmed Combat
  8542 | D:9      | Noticed a skeletal warrior
  8557 | D:9      | Noticed a skeletal warrior
  8589 | D:9      | Killed a skeletal warrior
  8589 | D:9      | Reached skill level 5 in Invocations
  8589 | D:9      | Reached XP level 11. HP: 30/67 MP: 11/14
  8669 | D:9      | Killed a skeletal warrior
  8669 | D:9      | Reached **** piety under Okawaru
  8745 | D:9      | Noticed a skeletal warrior
  8761 | D:9      | Killed a skeletal warrior
  8762 | D:9      | Noticed a skeletal warrior
  8798 | D:9      | Killed a skeletal warrior
  8798 | D:9      | Reached skill level 11 in Unarmed Combat
  9099 | D:9      | Found a deep blue altar of Sif Muna.
  9159 | D:10     | Entered Level 10 of the Dungeon
  9159 | D:10     | Noticed an unseen horror
  9396 | D:10     | Killed an unseen horror
  9474 | D:10     | Reached ***** piety under Okawaru
 10212 | D:10     | Found a staircase to the Lair.
 10243 | D:10     | Identified a scroll of acquirement
 10361 | D:10     | Found a shimmering altar of Xom.
 10415 | D:10     | Reached skill level 12 in Unarmed Combat
 10582 | D:10     | Found a staircase to the Orcish Mines.
 11009 | D:11     | Reached XP level 12. HP: 72/72 MP: 17/17
 11185 | D:11     | Found Peajo's Gadget Boutique.
 11197 | D:11     | Noticed a centaur warrior
 11208 | D:11     | Killed a centaur warrior
 11208 | D:11     | Reached skill level 10 in Shields
 11433 | D:11     | Received a gift from Okawaru
 11936 | D:12     | Found Tatinleng's Weapon Shop.
 12169 | D:12     | Found a basalt altar of Yredelemnul.
 12429 | D:12     | Reached skill level 13 in Unarmed Combat
 12794 | D:12     | Got a warped whip
 12795 | D:12     | Identified the +6 whip "Cyaqae" {drain, Str+4 Dex+5 SInv}
                  | (You found it on level 12 of the Dungeon)
 12946 | D:8      | Killed VendettaCH's ghost
 13046 | D:13     | Noticed Sonja
 13115 | Lair:1   | Entered Level 1 of the Lair of Beasts
 13291 | Lair:1   | Noticed Nergalle
 13325 | Lair:1   | Killed Nergalle
 13443 | Lair:1   | Found a glowing silver altar of Zin.
 13482 | Lair:1   | Reached ****** piety under Okawaru
 13551 | Lair:1   | Noticed Urug
 13757 | Lair:1   | Killed Urug
 13829 | Lair:1   | Reached skill level 10 in Dodging
 13901 | Lair:1   | Noticed a five-headed hydra
 14151 | Lair:2   | Noticed a four-headed hydra
 14313 | Lair:2   | Received a gift from Okawaru
 14403 | Lair:2   | Reached XP level 13. HP: 72/77 MP: 19/19
 14430 | Lair:2   | Reached skill level 14 in Unarmed Combat
 14838 | Lair:2   | Reached skill level 1 in Evocations
 15280 | Lair:2   | Found a runed door.
 15784 | Lair:2   | Received a gift from Okawaru
 16843 | Lair:3   | Found a staircase to the Swamp.
 17154 | Lair:4   | Got an encrusted large shield
 17178 | Lair:4   | Identified the +4 large shield "Aduten" {-Cast rPois Int+8}
                  | (You found it on level 4 of the Lair of Beasts)
 17211 | Lair:4   | Reached skill level 10 in Invocations
 17661 | Lair:4   | Found a staircase to the Snake Pit.
 18908 | Lair:5   | Found a labyrinth entrance.
 18921 | Lab      | Entered a labyrinth
 19181 | Lab      | Noticed a minotaur
 19192 | Lab      | Killed a minotaur
 19203 | Lab      | Identified Ziof's Papyrus of Freezing Beguiling
 19530 | Lair:5   | Got a flickering platinum ring
 19531 | Lair:5   | Identified the ring of Yvag {rElec MR+ Int+7 Dex-4 Slay+3}
                  | (You acquired it on level 5 of the Lair of Beasts)
 19533 | Lair:5   | Got a pitted marble ring
 19534 | Lair:5   | Identified the ring "Diunut" {rPois Str+5 Slay+2} (You
                  | acquired it on level 5 of the Lair of Beasts)
 19852 | D:13     | Killed Sonja
 19856 | D:13     | Reached XP level 14. HP: 79/83 MP: 21/21
 19873 | D:13     | Noticed Azrael
 20024 | Lair:5   | Identified Ulied Okky's Grimoire of Poisonous Feathers
 20097 | Lair:5   | Reached skill level 15 in Unarmed Combat
 20556 | Lair:6   | Entered Level 6 of the Lair of Beasts
 21016 | Lair:6   | Found a shadowy altar of Dithmenos.
 21018 | Lair:6   | Identified the Reference Book on Flight and Envenoming
 21064 | Lair:6   | Received a gift from Okawaru
 21409 | Lair:6   | Noticed Nessos
 21436 | Lair:6   | Killed Nessos
 21604 | Lair:6   | Reached skill level 16 in Unarmed Combat
 22397 | Orc:1    | Entered Level 1 of the Orcish Mines
 22579 | Orc:1    | Found Ettabora's Gadget Emporium.
 22593 | Orc:1    | Bought a wand of acid (9) for 312 gold pieces
 22981 | Orc:1    | Found Pouman's Weapon Shoppe.
 23224 | Orc:2    | Entered Level 2 of the Orcish Mines
 23410 | Orc:2    | Found Ofeor's General Store.
 23430 | Orc:2    | Received a gift from Okawaru
 23472 | Orc:2    | Found Eblerij's Weapon Shop.
 23563 | Orc:2    | Bought a scroll of identify for 28 gold pieces
 24196 | Orc:2    | Found a staircase to the Elven Halls.
 24378 | Orc:2    | Found Teacla's Jewellery Shoppe.
 24413 | Orc:2    | Found Roufug's Antique Weapon Emporium.
 24750 | Orc:2    | Reached XP level 15. HP: 61/88 MP: 22/22
 25242 | Orc:2    | Noticed an orc warlord
 25259 | Orc:2    | Killed an orc warlord
 25307 | Orc:2    | Found a roughly hewn altar of Beogh.
 25346 | Orc:2    | Found Icepp's Antique Armour Boutique.
 25427 | Orc:2    | Bought an uncursed ring of protection from magic for 350
                  | gold pieces
 25427 | Orc:2    | Bought an uncursed ring of poison resistance for 280 gold
                  | pieces
 25427 | Orc:2    | Bought the ring "Uxte" {rN+ Dex+8} for 613 gold pieces
 26026 | Lair:6   | Found a staircase to the Slime Pits.
 26636 | Lair:6   | Reached skill level 17 in Unarmed Combat
 27407 | Swamp:1  | Entered Level 1 of the Swamp
 27559 | Swamp:1  | Received a gift from Okawaru
 27962 | Snake:1  | Entered Level 1 of the Snake Pit
 29126 | D:13     | Reached skill level 5 in Evocations
 29478 | D:13     | Noticed Kirke
 29486 | D:13     | Killed Kirke
 29522 | D:13     | Killed Azrael
 30361 | D:11     | Bought a wand of iceblast (6) for 140 gold pieces
 30361 | D:11     | Bought a wand of iceblast (3) for 98 gold pieces
 31503 | D:14     | Reached XP level 16. HP: 80/93 MP: 20/23
 31512 | D:14     | Found a gate to the Vaults.
 31631 | D:14     | Reached skill level 18 in Unarmed Combat
 32234 | D:14     | Found a portal to a secret trove of treasure.
 32639 | Swamp:1  | Found a transporter.
 32654 | Swamp:1  | Noticed Josephine
 32681 | Swamp:1  | Killed Josephine
 33564 | Swamp:1  | Found a transporter.
 33600 | Swamp:1  | Noticed a thorn hunter
 33611 | Swamp:1  | Killed a thorn hunter
 33719 | Swamp:1  | Learned a level 2 spell: Blink
 33722 | Swamp:1  | Got a wavering turquoise ring
 33723 | Swamp:1  | Identified the ring "Oxkash" {*Tele rN+ Dex+3 Stlth-} (You
                  | found it on level 1 of the Swamp)
 33738 | Swamp:1  | Got a brightly glowing brass ring
 33932 | Swamp:2  | Noticed a thorn hunter
 34309 | Swamp:2  | Paralysed by a hornet for 1 turns
 34313 | Swamp:2  | Slain by a spriggan rider

Skill      XL: |  1  2  3  4  5  6  7  8  9 10 11 12 13 14 15 16 |
---------------+-------------------------------------------------+-----
Unarmed Combat | 3 4 5 6 7 8 10 12 13 14 16 17 18 | 18.7
Dodging        | 4 6 8 9 10 11 12 | 12.2
Shields        | 4 7 8 9 10 12 13 14 | 14.1
Invocations    | 3 5 7 8 10 | 10.0
Evocations     | 1 3 6 7 |  7.9
Fighting       | |  3.0

Action                   |  1- 3 |  4- 6 |  7- 9 | 10-12 | 13-15 | 16-18 || total
-------------------------+-------+-------+-------+-------+-------+-------++-------
Melee: Unarmed           |    72 |   171 |   308 |   761 |   988 |   147 ||  2447
       Tentacles         |    13 |    35 |    85 |   197 |   254 |    46 ||   630
       Constrict         |    23 |    44 |    68 |   109 |   148 |    24 ||   416
       Punch             |     1 |     5 |    23 |    96 |   187 |    41 ||   353
Throw: Javelin           |       |       |       |    13 |    26 |     3 ||    42
Invok: Heroism           |       |       |     3 |    22 |    49 |     8 ||    82
       Finesse           |       |       |       |     2 |     9 |       ||    11
Evoke: Wand              |       |       |       |     1 |    10 |    23 ||    34
       Lightning rod     |       |       |       |       |       |     5 ||     5
  Use: Scroll            |     2 |     4 |     6 |    13 |    18 |       ||    43
       Potion            |       |     4 |     2 |     1 |    14 |     3 ||    24
 Stab: Sleeping          |     4 |     2 |     7 |    11 |     8 |     1 ||    33
       Distracted        |     1 |       |       |     2 |     2 |       ||     5
  Eat: Chunk             |       |     7 |     8 |    25 |    42 |     4 ||    86
       Ration            |       |     1 |       |     1 |     4 |     1 ||     7
Armor: Skin              |     6 |    13 |    15 |    25 |    32 |     1 ||    92
Dodge: Dodged            |    18 |    64 |    98 |   269 |   403 |    56 ||   908
Block: Shield            |    12 |    61 |   110 |   310 |   542 |    84 ||  1119
       Large shield      |       |       |       |       |    40 |       ||    40
       Reflection        |       |       |       |       |    45 |     2 ||    47
